 Dungeon Crawl Stone Soup version 0.32-a0-471-gb91d5d9764 (webtiles) character file.

Game seed: 6677636116986106685

6784 Alarak the Blocker (level 11, -9/133 HPs)
             Began as a Formicid Fighter on Feb 25, 2024.
             Was a Priest of Cheibriados.
             Mangled by a red devil
             ... wielding a +0 trident
             ... summoned by a kobold demonologist
              (12 damage)
             ... on level 10 of the Dungeon.
             The game lasted 00:30:27 (9487 turns).

Alarak the Blocker (Formicid Fighter)               Turns: 9487, Time: 00:30:29

Health: -9/133     AC:  8    Str: 33    XL:     11   Next: 25%
Magic:  16/16      EV:  2    Int: 16    God:    Cheibriados [***...]
Gold:   560        SH:  0    Dex: 21    Spells: 10/10 levels left

rFire   . . .        a - +0 war axe (protect)
rCold   . . .        l - +2 tower shield
rNeg    . . .        h - melded +0 plate armour
rPois   +            (helmet unavailable)
rElec   .            (cloak currently unavailable)
rCorr   .            k - melded +0 pair of gloves
SInv    .            e - melded +0 pair of boots
Will    +....        (no amulet)
Stlth   +            p - ring of poison resistance
HPRegen 0.42/turn    t - +5 ring of evasion
MPRegen 0.15/turn

%: no passive effects
@: confused, mighty, tree-form, ambrosia-drunk, corroded, under a protective
aura, very slow
A: stationary, stasis, torment immunity, boosted hp, permanent stasis, dig
shafts and tunnels, (antennae 3), four strong arms
a: Renounce Religion, Bend Time, Temporal Distortion


You were on level 10 of the Dungeon.
You worshipped Cheibriados.
Cheibriados was most pleased with you.
You were a tree.
You visited 2 branches of the dungeon, and saw 11 of its levels.

You collected 560 gold pieces.

Inventory:

Hand Weapons
 a - a +0 war axe of protection (weapon)
 c - a +0 battleaxe
 f - a +2 hand axe
 w - a +3 sling
Missiles
 x - a throwing net
Armour
 e - a +0 pair of boots (melded)
 h - a +0 plate armour (melded)
 k - a +0 pair of gloves (melded)
 l - a +2 tower shield (worn)
Jewellery
 n - a ring of protection from cold
 p - a ring of poison resistance (left branch)
 t - a +5 ring of evasion (right branch)
Scrolls
 j - a scroll of fog
 m - a scroll of revelation
 v - a scroll of fear
 y - a scroll of butterflies {unknown}
 z - 2 scrolls of immolation
Potions
 b - a potion of brilliance
 g - 3 potions of curing
 o - 2 potions of attraction
 r - a potion of berserk rage {unknown}
 s - 2 potions of mutation {unknown}
 u - a potion of resistance {unknown}


   Skills:
 - Level 9.0 Fighting
 + Level 8.2 Axes
 - Level 3.3 Armour
 - Level 14.1 Shields
 - Level 7.5 Invocations


You had 10 spell levels left.
You didn't know any spells.
Your spell library contained the following spells:

 Spells                   Type           Power      Damage    Failure   Level
 Freeze                   Ice            0%         1d3       45%         1
 Kiss of Death            Conj/Necr      0%         2d5       45%         1
 Magic Dart               Conj           0%         1d3       45%         1
 Ensorcelled Hibernation  Hex/Ice        0%         N/A       61%         2
 Lesser Beckoning         Tloc           0%         N/A       61%         2
 Static Discharge         Conj/Air       0%         3-3/arc   61%         2
 Confusing Touch          Hex            0%         N/A       83%         3
 Frozen Ramparts          Ice            0%         1d1       83%         3
 Fugue of the Fallen      Necr           0%         N/A       83%         3
 Gell's Gravitas          Tloc           0%         N/A       83%         3
 Hailstorm                Conj/Ice       0%         3d5       83%         3
 Teleport Other           Tloc           0%         N/A       83%         3
 Airstrike                Air            0%         2d(0-16)  99%         4
 Anguish                  Hex/Necr       0%         N/A       99%         4
 Dispel Undead            Necr           0%         3d6       99%         4
 Summon Lightning Spire   Summ/Air       0%         N/A       99%         4
 Freezing Cloud           Conj/Ice/Air   0%         6-21      100%        5
 Chain Lightning          Conj/Air       0%         N/A       100%        9


Dungeon Overview and Level Annotations

Branches:
Dungeon (10/15)            Temple (1/1) D:7            Lair (0/5) D:8
    Orc: D:9-12

Altars:
Ashenzari
Cheibriados
Dithmenos
Elyvilon
Fedhas
Gozag
Hepliaklqana
Kikubaaqudgha
Makhleb
Nemelex Xobeh
Okawaru
Qazlal
Ru
Sif Muna
Trog
Uskayaw
Vehumet
Wu Jian
Xom
Yredelemnul
Zin
The Shining One


Innate Abilities, Weirdness & Mutations

You are a tree.
Your roots penetrate the ground, keeping you stationary.
You cannot be teleported.
You are immune to unholy pain and torment.
Your maximum health is greatly increased.
Your equipment is partially melded.
You cannot be hasted, slowed, berserked, paralysed or teleported.
You can dig through walls and to a lower floor.
((You have a pair of large antennae on your head. (SInv)))
Your four strong arms can wield two-handed weapons with a shield.


Message History

The quasit claws you but does no damage. x2
The rust devil hits you. The rust devil corrodes you!
The crimson imp hits you but does no damage.
The kobold demonologist hits you but does no damage. x2
The sixfirhy hits you but does no damage.
You closely miss the kobold demonologist.
The kobold demonologist is almost dead.
You hit the kobold demonologist. You miss the quasit.
You hit the rust devil but do no damage.
You hit the sixfirhy but do no damage.
You hit the crimson imp but do no damage.
You block the quasit's attack. x3; The rust devil hits you.
The rust devil corrodes you! You block the quasit's attack.
The quasit claws you but does no damage. x2
The kobold demonologist looks encouraged for a moment.
The crimson imp hits you but does no damage.
The kobold demonologist hits you with a +0 dagger.
Unknown command.
You feel very mighty all of a sudden. You block the red devil's attack.
You block the quasit's attack. x3
The rust devil hits you. The rust devil corrodes you!
The kobold demonologist hits you but does no damage.
The kobold demonologist hits you with a +0 dagger.
* * * LOW HITPOINT WARNING * * *
The crimson imp hits you.
* * * LOW HITPOINT WARNING * * *
You are confused.
You feel invigorated. The sixfirhy hits you!
* * * LOW HITPOINT WARNING * * *
The sixfirhy shocks you!
* * * LOW HITPOINT WARNING * * *
The sixfirhy hits you!
* * * LOW HITPOINT WARNING * * *
The sixfirhy shocks you!
* * * LOW HITPOINT WARNING * * *
The quasit bites you but does no damage.
The quasit claws you but does no damage. x2
The red devil hits you from afar with a +0 trident!
You die...
Cheibriados appreciates the motionlessness of death.

..#..#.##.....# ##.....##.
#..#.#.#.......# #.....#
##.............# #..)..#
###..#.#.......# ##...<.#
..#..#........## #...####
#............?.# ##.#....#
..####.#..>....####..#.......
..............55.5).#........
.............54K♣5...........
..............443K...........
.........#.....53...##.......
.........#........### .......
.........#........# .###.
...................
...........##..##..
.......#.#...... ...
#.....##......


You could see a rust devil (summoned), 2 kobold demonologists, a sixfirhy
(summoned), a neqoxec (summoned), a red devil (summoned), a chaos spawn
(summoned), 2 quasits, a crimson imp (summoned), a shadow imp (summoned) and 2
ufetubi.

Vanquished Creatures
  Pikel (D:6)
  A gargoyle (D:10)
  A queen bee (shapeshifter) (D:9)
  2 polar bears (D:9)
  A hornet (D:7)
  Prince Ribbit (D:7)
  2 wyverns
  A wraith (D:10)
  Eustachio (D:5)
  5 yaks (D:9)
  An acid dragon (D:8)
  2 water moccasins
  An ice beast (D:9)
  Duvessa (D:7)
  2 orc warriors
  A sky beast (D:6)
  An ogre (D:3)
  4 centaurs
  A phantom (D:4)
  5 kobold brigands
  4 lemures (D:6)
  3 bullfrogs (D:7)
  3 scorpions
  5 wights (D:9)
  Dowan (D:7)
  5 killer bees
  3 howler monkeys (D:9)
  An electric eel (D:9)
  A bombardier beetle (D:4)
  A wyvern simulacrum (D:9)
  4 hounds
  A jelly (D:5)
  3 gnoll boudas
  4 orc priests
  Natasha (thrice) (D:4)
  2 sleepcaps (D:6)
  2 iguanas
  7 orc wizards
  A centaur simulacrum (D:9)
  15 gnolls
  5 adders
  2 shadow imps
  3 white imps
  A howler monkey simulacrum (D:9)
  2 ufetubi (D:6)
  2 ribbon worms
  A dart slug (D:3)
  21 orcs
  A bat (D:1)
  2 endoplasms
  2 giant cockroaches
  4 goblins
  4 hobgoblins
  6 jackals
  6 quokkas
  3 ball pythons
  18 kobolds
  3 rats
190 creatures vanquished.

Vanquished Creatures (others)
  An arcanist (D:7)
  A killer bee (D:10)
2 creatures vanquished.

Grand Total: 192 creatures vanquished

Notes
Turn   | Place    | Note
-------+----------+-------------------------------------------
     0 | D:1      | Alarak the Formicid Fighter began the quest for the Orb.
     0 | D:1      | Reached XP level 1. HP: 18/18 MP: 1/1
   286 | D:1      | Reached XP level 2. HP: 24/24 MP: 2/2
  1158 | D:2      | Reached XP level 3. HP: 27/29 MP: 3/3
  1823 | D:3      | Reached XP level 4. HP: 35/35 MP: 4/4
  1829 | D:3      | Found an ornate altar of the Wu Jian Council.
  2026 | D:3      | Got the Handbook of Blasting
  2268 | D:4      | Noticed an ogre
  2453 | D:4      | Reached XP level 5. HP: 43/43 MP: 5/5
  2492 | D:4      | Noticed Natasha
  2500 | D:4      | Killed Natasha
  2530 | D:4      | Reached skill level 5 in Fighting
  2547 | D:4      | Noticed Natasha
  2555 | D:4      | Killed Natasha
  2574 | D:4      | Reached XP level 6. HP: 43/52 MP: 6/6
  2721 | D:4      | Noticed Natasha
  2728 | D:4      | Killed Natasha
  2897 | D:4      | Found an opulent altar of Gozag.
  2997 | D:4      | Reached XP level 7. HP: 42/60 MP: 7/7
  3520 | D:5      | Entered Level 5 of the Dungeon
  3586 | D:5      | Found an iron altar of Okawaru.
  3591 | D:5      | Noticed Eustachio
  3638 | D:5      | Killed Eustachio
  4014 | D:5      | Found a radiant altar of Vehumet.
  4096 | D:5      | Reached skill level 5 in Shields
  4096 | D:5      | Reached XP level 8. HP: 62/69 MP: 8/8
  4482 | D:6      | Reached skill level 6 in Shields
  4484 | D:6      | Noticed Pikel
  4518 | D:6      | Killed Pikel
  4519 | D:6      | Reached skill level 8 in Shields
  4526 | D:6      | Reached skill level 9 in Shields
  4773 | D:6      | Reached XP level 9. HP: 75/75 MP: 9/9
  4849 | D:6      | Reached skill level 10 in Shields
  5086 | D:7      | Noticed Prince Ribbit
  5086 | D:7      | Found a staircase to the Ecumenical Temple.
  5101 | D:7      | Reached skill level 11 in Shields
  5254 | D:7      | Killed Prince Ribbit
  5315 | Temple   | Entered the Ecumenical Temple
  5326 | Temple   | Became a worshipper of Cheibriados the Contemplative
  5463 | D:7      | Noticed a hornet
  5479 | D:7      | Killed a hornet
  5480 | D:7      | Reached skill level 5 in Axes
  6076 | D:7      | Noticed Duvessa
  6076 | D:7      | Noticed Dowan
  6086 | D:7      | Killed Dowan
  6091 | D:7      | Killed Duvessa
  6139 | D:7      | Found a bloodstained altar of Trog.
  6142 | D:7      | Noticed a wizard
  6147 | D:7      | Killed a wizard
  6292 | D:7      | Reached * piety under Cheibriados
  6344 | D:7      | Reached skill level 1 in Invocations
  6344 | D:7      | Reached XP level 10. HP: 64/83 MP: 9/11
  7092 | D:8      | Found a staircase to the Lair.
  7431 | D:8      | Reached skill level 5 in Invocations
  7763 | D:9      | Reached ** piety under Cheibriados
  8192 | D:9      | Noticed a cane toad
  8195 | D:9      | a cane toad changed into a jumping spider
  8268 | D:9      | Reached skill level 12 in Shields
  8573 | D:9      | Found a sparkling altar of Nemelex Xobeh.
  8661 | D:9      | Reached skill level 13 in Shields
  8810 | D:9      | Reached *** piety under Cheibriados
  8811 | D:9      | Reached XP level 11. HP: 87/89 MP: 16/16
  8964 | D:10     | Entered Level 10 of the Dungeon
  8964 | D:10     | Noticed a cyclops
  9077 | D:10     | Reached skill level 14 in Shields
  9476 | D:10     | Noticed a sixfirhy
  9487 | D:10     | HP: 3/133 [sixfirhy[a kobold demonologist] (10)]
  9487 | D:10     | Mangled by a red devil

Illustrated notes

Levels and vault maps discovered:
D:1:      elethiomel_arrival_quiet, layout_basic
D:2:      layout_loops_ring, nicolae_hexahallways,
          amcnicky_mini_corridor_feature
D:3:      layout_loops_cross, pdpol_wu_jian_five_deadly_venoms
D:4:      cheibrodos_pilgrimage, layout_basic,
          nicolae_gozag_cash_rules_everything_around_me, kennysheep_nub,
          uniq_natasha
D:5:      layout_cave_pools, kennysheep_okawaru_gauntlet,
          nicolae_vehumet_radiance, gup_sewer_entry_pipe, uniq_eustachio
D:6:      layout_rooms, uniq_pikel
D:7:      layout_basic, trog_wizard, minmay_temple_entry_arrows,
          dreamdust_gnoll_farm, uniq_prince_ribbit1, uniq_duvessa
D:8:      layout_loops_ring, dpeg_oklobed_lair
D:9:      layout_gridville, mainiacjoe_overflow_alcove_1, serial_ice,
          serial_ice_c, serial_ice_k, serial_ice_e, serial_ice_g
D:10:     layout_rooms, erik_orc_1
Temple:   eino_temple_rhombus

Skill      XL: |  1  2  3  4  5  6  7  8  9 10 11 |
---------------+----------------------------------+-----
Axes           | 3 4 7 8 |  8.2
Fighting       | 4 5 7 8 9 |  9.0
Shields        | 5 9 11 13 14 | 14.1
Invocations    | 1 7 |  7.5
Armour         | |  3.3

Action                     |  1- 3 |  4- 6 |  7- 9 | 10-12 || total
---------------------------+-------+-------+-------+-------++-------
  Melee: War axe           |    85 |   105 |   292 |   337 ||   819
    Use: Scroll            |     6 |     1 |     7 |     4 ||    18
         Potion            |       |       |     4 |     3 ||     7
 Armour: Scale mail        |    11 |       |       |       ||    11
         Plate armour      |    44 |    98 |   393 |   162 ||   697
         Skin              |       |       |       |    40 ||    40
  Dodge: Dodged            |    26 |    36 |   158 |   109 ||   329
  Block: Buckler           |    26 |    32 |   145 |    19 ||   222
         Tower shield      |       |       |       |   457 ||   457

Table legend: (Time is in decaauts)
 A = Elapsed time spent in this place.
 B = Non-inter-level travel time spent in this place.
 C = Inter-level travel time spent in this place.
 D = Time resting spent in this place.
 E = Time spent auto-exploring this place.
 F = Levels seen in this place.
 G = Mean time per level.
                   A        B        C        D        E       F      G
               +--------+--------+--------+--------+--------+-----+--------+
         Total |  10760 |   9618 |   1142 |   1723 |   5941 |  11 |  978.2 |
       Dungeon |  10735 |   9617 |   1118 |   1723 |   5941 |  10 | 1073.5 |
        Temple |     25 |      2 |     23 |      0 |      0 |   1 |   25.0 |
               +--------+--------+--------+--------+--------+-----+--------+

Top non-repeatable levels by time:
     D:9: 1863 daAuts
     D:7: 1843 daAuts
     D:4: 1350 daAuts
     D:8: 1067 daAuts
     D:6: 943 daAuts
     D:5: 910 daAuts
     D:1: 831 daAuts
     D:3: 784 daAuts
     D:2: 734 daAuts
    D:10: 406 daAuts
  Temple: 25 daAuts
